 Dungeon Crawl Stone Soup version 0.24-a0-525-g9231cdcba1 (webtiles) character file.

Game seed: 13076004960552029270

5 Gargoyl the Skirmisher (level 1, 0/19 HPs)
             Began as a Centaur Abyssal Knight on Aug 2, 2019.
             Was a Follower of Lugonu.
             Slain by a swamp drake (5 damage)
             ... summoned by a worldbinder
             ... on level 3 of the Abyss.
             The game lasted 00:00:37 (107 turns).

Gargoyl the Skirmisher (Centaur Abyssal Knight)      Turns: 107, Time: 00:00:38

Health: 0/19       AC:  8    Str: 14    XL:     1   Next: 66%
Magic:  2/2        EV:  7    Int: 11    God:    Lugonu [*.....]
Gold:   0          SH:  0    Dex: 10    Spells: 0/0 levels left

rFire    + + .     SeeInvis .   a - +1 hand axe
rCold    + . .     Gourm    .   (no shield)
rNeg     . . .     Faith    .   f - +0 scale mail
rPois    +         Spirit   .   (no helmet)
rElec    +         Reflect  .   (no cloak)
rCorr    +         Harm     .   (no gloves)
MR       .....                  (no barding)
Stlth    ..........             (no amulet)
HPRegen  0.06/turn              (no ring)
MPRegen  0.08/turn              (no ring)

@: resistant, very quick
A: large, hooves 3, thin metallic scales 1, agile 1, blurry vision 1, deformed
body, fire resistance 1, speed 2, tough skin 3
a: Depart the Abyss, Renounce Religion


You were on level 3 of the Abyss.
You worshipped Lugonu.
Lugonu was aware of your devotion.
You were not hungry.

You visited 0 branches of the dungeon, and saw 0 of its levels.
You visited the Abyss 1 time.

Inventory:

Hand Weapons
 a - a +1 hand axe (weapon)
Armour
 b - a +0 leather armour
 f - a +0 scale mail (worn)
Potions
 d - a potion of mutation
Comestibles
 c - a ration


   Skills:
 + Level 3.2 Fighting
 + Level 1.8 Axes
 + Level 1.4 Armour
 + Level 0.6 Dodging
 + Level 2.0 Invocations


You couldn't memorise any spells.
You didn't know any spells.
Your spell library was empty.

Dungeon Overview and Level Annotations

Branches:
Dungeon (0/15)

Altars:


Innate Abilities, Weirdness & Mutations

You have hooves in place of feet.
Armour fits poorly on your strangely shaped body.
You cover ground very quickly.
You have extremely tough skin. (AC +3)
You are partially covered in thin metallic scales. (AC +2)
You are agile. (Dex +2)
Scrolls take you a little longer to read.
Your flesh is heat resistant. (rF+)


Message History

You hit the worldbinder but do no damage.
Your kick misses the worldbinder.
The worldbinder is lightly damaged.
You barely miss the insubstantial wisp.
You hit the insubstantial wisp but do no damage.
The insubstantial wisp hits you but does no damage.
The worldbinder barely misses you.
The worldbinder hits you but does no damage.
The insubstantial wisp hits you but does no damage.
The insubstantial wisp hits you.
The insubstantial wisp blinks!
You hit the worldbinder but do no damage.
You closely miss the insubstantial wisp.
The worldbinder hits you.
The worldbinder hits you but does no damage.
The insubstantial wisp blinks!
The worldbinder hits you but does no damage.
The worldbinder hits you.
* * * LOW HITPOINT WARNING * * *
The swamp drake bites you.
You die...

#. .# # # #####.#
.. .....#.... #..
##. #..#°...
#.##. # #
##...°k## ...###
# ..# .#°@# #..
#.... ..
##.#°°x#..#.#....
# .#...#####...v.
..# # ....#
#...#.....# #
#.##.. .#.#...
#...#.# . . # #.#
#.#.......# # .#
.###.#...#..##
#..# #.## .#.
.### . . .. ....
...


You could see a worldbinder, a swamp drake and an insubstantial wisp.

Vanquished Creatures
  An ufetubus (Abyss:3)
1 creature vanquished.

Notes
Turn   | Place    | Note
-------+----------+-------------------------------------------
     0 | Abyss:1  | Gargoyl the Centaur Abyssal Knight began the quest for the
                  | Orb.
     0 | Abyss:1  | Reached XP level 1. HP: 19/19 MP: 2/2
    90 | Abyss:3  | Gained mutation: Scrolls take you a little longer to read.
                  | [potion of mutation]
    90 | Abyss:3  | Gained mutation: Your flesh is heat resistant. (rF+)
                  | [potion of mutation]
    90 | Abyss:3  | Gained mutation: You are partially covered in thin metallic
                  | scales. (AC +2) [potion of mutation]
    90 | Abyss:3  | Gained mutation: You are agile. (Dex +2) [potion of
                  | mutation]
   100 | Abyss:3  | Noticed a worldbinder
   102 | Abyss:3  | Noticed a vampire mosquito
   102 | Abyss:3  | Noticed an insubstantial wisp
   103 | Abyss:3  | Noticed a swamp drake
   103 | Abyss:3  | Noticed an insubstantial wisp
   107 | Abyss:3  | Slain by a swamp drake

Levels and vault maps discovered:
Abyss:3:  dshaligram_kb_abyss_rune_zappy_water_cross

Action                   || total
-------------------------++-------
Melee: Hand axe          ||     7
       Kick              ||     2
  Use: Potion            ||     3
       Scroll            ||     1
Armor: Scale mail        ||     9
Dodge: Dodged            ||     4

Table legend:
 A = Non-vault XP
 B = Vault XP
 C = Vault XP percentage of total XP
 D = Non-vault monster count
 E = Vault monster count
 F = Vault count percentage of total count
                 A         B        C        D         E       F
            +---------+---------+-------+---------+---------+-------
      Total |       8 |       0 |   0.0 |       1 |       0 |   0.0
            +---------+---------+-------+---------+---------+-------
    Abyss:3 |       8 |       0 |   0.0 |       1 |       0 |   0.0
            +---------+---------+-------+---------+---------+-------
